 Dungeon Crawl Stone Soup version 0.28-a0-1524-ge72afd5fc6 (webtiles) character file.

Game seed: 16560999564554102560

46 fragbeetle the Insei (level 3, -1/29 HPs)
             Began as a Draconian Transmuter on Jan 17, 2022.
             Frozen to death by an endoplasm (4 damage)
             ... on level 2 of the Dungeon.
             The game lasted 00:02:51 (1630 turns).

fragbeetle the Insei (Draconian Transmuter)         Turns: 1630, Time: 00:02:52

Health: -1/29      AC:  5    Str: 17 (18) XL:     3   Next: 46%
Magic:  6/6        EV: 16    Int: 10 (13) God:
Gold:   103        SH:  0    Dex: 10 (13) Spells: 2/6 levels left

rFire   . . .      SeeInvis .     - Unarmed
rCold   . . .      Faith    .   (no shield)
rNeg    . . .      Spirit   .   (armour unavailable)
rPois   .          Reflect  .   (helmet restricted)
rElec   .          Harm     .   (no cloak)
rCorr   .          Rampage  .   (no gloves)
Will    .....                   (no boots)
Stlth   +.........              (no amulet)
HPRegen 0.09/turn               g - +6 ring of strength
MPRegen 0.10/turn               i - +4 ring of evasion

@: lethally poisoned (-1 -> -5), slowed, very slow
A: AC +5, unfitting armour, cold-blooded
a: no special abilities


You were on level 2 of the Dungeon.
You visited 1 branch of the dungeon, and saw 2 of its levels.

You collected 103 gold pieces.

Inventory:

Missiles
 a - 63 stones
 j - 25 sling bullets
Jewellery
 g - a +6 ring of strength (left hand)
 i - a +4 ring of evasion (right hand)
Scrolls
 c - a scroll of vulnerability {unknown}
 e - 4 scrolls of teleportation {unknown}
 f - a scroll of amnesia {unknown}
 h - 3 scrolls of immolation {unknown}
 k - a scroll of enchant weapon {unknown}
Potions
 d - a potion of mutation {unknown}


   Skills:
 + Level 1.7 Fighting
 + Level 2.1 Dodging
 * Level 3.5 Unarmed Combat
 - Level 2.0 Spellcasting
 * Level 2.7 Transmutations
 + Level 0.2 Poison Magic


You had 2 spell levels left.
You knew the following spells:

 Your Spells              Type           Power      Damage    Failure   Level
a - Beastly Appendage     Tmut           12%        N/A       10%         1
b - Spider Form           Tmut/Pois      3%         N/A       45%         3

Your spell library contained the following spells:

 Spells                   Type           Power      Damage    Failure   Level
 Wereblood                Tmut           6%         N/A       16%         2
 Ice Form                 Ice/Tmut       3%         N/A       87%         4


Dungeon Overview and Level Annotations

Branches:
Dungeon (2/15)

Altars:

Annotations:
D:2 Robin


Innate Abilities, Weirdness & Mutations

Your plain brown scales are hard. (AC +5)
You cannot fit into any form of body armour.
You are cold-blooded and may be slowed by cold attacks.


Message History

You closely miss the adder.
The adder is almost dead.
The goblin hits you with a +0 hand axe. The adder misses you.
You barely miss the adder. Your kick misses the adder.
Your tail-slap misses the adder.
The adder is almost dead.
The endoplasm freezes you.
You are frozen.
You feel yourself slow down. The goblin closely misses you.
The adder closely misses you.
You completely miss the adder. Your kick misses the adder.
The adder is almost dead.
Your horns disappear.
Your talons disappear.
The adder barely misses you.
The endoplasm hits you but does no damage.
The goblin completely misses you. The adder bites you.
You are poisoned.
The adder poisons you! The endoplasm freezes you.
You are frozen.
* * * LOW HITPOINT WARNING * * *
The goblin hits you but does no damage.
You miss the adder. You tail-slap the adder.
You kill the adder!
* * * LOW HITPOINT WARNING * * *
You feel very sick. The endoplasm freezes you.
You are frozen.
* * * LOW HITPOINT WARNING * * *
You feel as though you will be slow longer.
The goblin misses you.
You are too injured to fight recklessly!
You are too injured to fight recklessly!
It was a potion of degeneration.
There was something very wrong with that liquid.
You feel weakened.
You feel dopey.
You feel clumsy.
* * * LOW HITPOINT WARNING * * *
You feel sick. The endoplasm misses you. The goblin barely misses you.
The endoplasm freezes you.
You are frozen.
You die...

.. .# ... .###
###.# ... #.... ..
#.#.# .# ##.#.##.#
#.....gJ# #.......#
#.....@.# #.......#
#..#.##†# #>......#
#.......# #.......#
#.##.##.# #.......#
#.......# #.......#
#.......# #.......#
####.#########.####
#.# #.........# #.#
#.##.####.#


You could see an endoplasm and a goblin.

Vanquished Creatures
  An adder (D:2)
  A worm (D:2)
  3 ball pythons (D:1)
  10 bats
  3 endoplasms
  A giant cockroach (D:1)
  4 goblins (D:1)
  3 hobgoblins
  2 frilled lizards (D:1)
  2 kobolds
  4 rats
34 creatures vanquished.

Vanquished Creatures (others)
  5 toadstools (D:1)
5 creatures vanquished.

Grand Total: 39 creatures vanquished

Notes
Turn   | Place    | Note
-------+----------+-------------------------------------------
     0 | D:1      | fragbeetle the Draconian Transmuter began the quest for the
                  | Orb.
     0 | D:1      | Reached XP level 1. HP: 16/16 MP: 3/3
   292 | D:1      | Reached XP level 2. HP: 23/23 MP: 3/5
   628 | D:1      | Found a faded altar of an unknown god.
   876 | D:2      | Noticed Robin
  1310 | D:2      | Reached XP level 3. HP: 28/28 MP: 4/6
  1323 | D:2      | Learned a level 3 spell: Spider Form
  1630 | D:2      | Frozen to death by an endoplasm

Illustrated notes

Levels and vault maps discovered:
D:1:      ldierk_walled_garden, layout_loops_ring,
          ebering_ecumenical_altar_sacrificial, corner_web_ring,
          minmay_split_cup_small
D:2:      layout_loops_cross, uniq_robin

Skill      XL: |  1  2 |
---------------+-------+-----
Dodging        | 2 |  2.1
Fighting       | |  1.7
Unarmed Combat | |  3.5
Spellcasting   | |  2.0
Transmutations | |  2.7
Poison Magic   | |  0.2

Action                   || total
-------------------------++-------
Melee: Unarmed           ||    84
       Headbutt          ||    10
       Kick              ||    15
       Tailslap          ||     8
       Punch             ||     1
 Cast: Beastly Appendage ||    27
  Use: Potion            ||     1
Armor: Skin              ||    27
Dodge: Dodged            ||    76

Table legend: (Time is in decaauts)
 A = Elapsed time spent in this place.
 B = Non-inter-level travel time spent in this place.
 C = Inter-level travel time spent in this place.
 D = Time resting spent in this place.
 E = Time spent auto-exploring this place.
 F = Levels seen in this place.
 G = Mean time per level.
                   A        B        C        D        E       F      G
               +--------+--------+--------+--------+--------+-----+--------+
         Total |   1630 |   1601 |     29 |      0 |   1245 |   2 |  815.0 |
       Dungeon |   1630 |   1601 |     29 |      0 |   1245 |   2 |  815.0 |
               +--------+--------+--------+--------+--------+-----+--------+

Top non-repeatable levels by time:
     D:1: 1166 daAuts
     D:2: 463 daAuts
